 Dungeon Crawl Stone Soup version 0.27.1-2-g3b301248ec (webtiles) character file.

Game seed: 13017509532738352324

221770 ABBCCCDDDD the Black Belt (level 19, -11/180 HPs)
             Began as an Octopode Enchanter on Sept 29, 2021.
             Was an Initiate of Gozag.
             Mangled by a tyrant leech (15 damage)
             ... on level 3 of the Swamp.
             The game lasted 01:46:47 (55977 turns).

ABBCCCDDDD the Black Belt (Octopode Enchanter)     Turns: 55977, Time: 01:46:47

Health: -11/180    AC: 37    Str: 10    XL:     19   Next: 21%
Magic:  28/28      EV: 19    Int: 36    God:    Gozag
Gold:   4117       SH: 21    Dex: 24    Spells: 13/30 levels left

rFire    + + +     SeeInvis +   Y - +9 rapier of Herphugha {spect, +Rage Int+4 SInv}
rCold    + + +     Faith    .   b - +2 kite shield {AC+3}
rNeg     + + +     Spirit   .   D - +2 hat of the Sun {rElec}
rPois    ∞         Reflect  +   f - amulet of reflection
rElec    +         Harm     .   u - +6 ring of dexterity
rCorr    +         Rampage  .   v - +4 ring of protection
Will     ++...                  B - ring of willpower
Stlth    +++++.....             k - +6 ring of dexterity
HPRegen  0.40/turn              L - ring "Enuhaah" {rPois rF+ rN+ Str-3 Int+5}
MPRegen  0.21/turn              M - ring of Dulaiv {Drain rN+++ Str+6 Int+3 SInv}
                                S - ring of protection from cold
                                X - ring of flight

@: statue-form, resistant, gold aura, flying, very slow
A: slow and powerful, torment resistance 1, boosted hp, almost no armour,
amphibious, 8 rings, camouflage 1, (gelatinous body 1), (nimble swimmer 1),
tentacles, cold resistance 1, fire resistance 1, weak 1
}: 1/15 runes: serpentine
a: End Transformation, Renounce Religion, Evoke Berserk Rage, Potion Petition,
Call Merchant, Bribe Branch


You were on level 3 of the Swamp.
You worshipped Gozag.
Gozag was most pleased with you.
You were a living statue of rough stone.
You visited 7 branches of the dungeon, and saw 32 of its levels.
You also visited: Sewer and Ice Cave.

You collected 12731 gold pieces.
You spent 4241 gold pieces at shops.
You paid 4373 gold pieces to Gozag.

Inventory:

Hand Weapons
 R - a +2 scimitar of flaming
 Y - the +9 rapier of Herphugha (weapon) {spect, +Rage Int+4 SInv}
   (You found it on level 5 of the Lair of Beasts)

   When its wielder attacks, the weapon's spirit leaps out and strikes again.
   The spirit shares a part of any damage it takes with its wielder.
   Int:       It affects your intelligence (+4).
   SInv:      It lets you see invisible.
   +Rage:     It lets you go berserk.
Missiles
 j - 3 curare-tipped darts
 w - 75 poisoned darts (quivered)
 P - 19 javelins
Armour
 b - a +2 kite shield of protection (worn)
 D - the +2 hat of the Sun (worn) {rElec}
   (You acquired it on level 14 of the Dungeon)

   rElec:     It insulates you from electricity.
Jewellery
 f - an amulet of reflection (around mantle)
 k - a +6 ring of dexterity (on tentacle)
 u - a +6 ring of dexterity (left tentacle)
 v - a +4 ring of protection (right tentacle)
 B - a ring of willpower (on tentacle)
 I - a ring of protection from cold
 L - the ring "Enuhaah" (on tentacle) {rPois rF+ rN+ Str-3 Int+5}
   (You bought it in a shop on level 1 of the Lair of Beasts)

   [ring of protection from fire]

   Str:       It affects your strength (-3).
   Int:       It affects your intelligence (+5).
   rF:        It protects you from fire.
   rPois:     It protects you from poison.
   rN:        It protects you from negative energy.
 M - the ring of Dulaiv (on tentacle) {Drain rN+++ Str+6 Int+3 SInv}
   (You bought it in a shop on level 1 of the Lair of Beasts)

   [ring of strength]

   Str:       It affects your strength (+6).
   Int:       It affects your intelligence (+3).
   rN:        It renders you almost immune to negative energy.
   SInv:      It lets you see invisible.
   Drain:     It drains your maximum health when unequipped.
 S - a ring of protection from cold (on tentacle)
 X - a ring of flight (on tentacle)
 Z - a ring of fire
Wands
 i - a wand of mindburst (18)
 m - a wand of flame (101)
 y - a wand of acid (7)
 N - a wand of digging (6)
 T - a wand of polymorph (7)
 U - a wand of iceblast (20)
Scrolls
 a - 5 scrolls of fog
 p - a scroll of summoning
 s - a scroll of torment
 x - 6 scrolls of teleportation
 A - 3 scrolls of magic mapping
 F - 4 scrolls of silence
 O - 5 scrolls of immolation
 W - 3 scrolls of holy word
Potions
 c - 3 potions of might
 d - 2 potions of magic
 g - 4 potions of attraction
 h - 6 potions of lignification
 l - 8 potions of flight
 n - 2 potions of haste
 o - 3 potions of invisibility
 q - 4 potions of mutation
 t - 2 potions of cancellation {unknown}
 z - 2 potions of berserk rage {unknown}
 E - 2 potions of brilliance {unknown}
 G - 2 potions of experience {unknown}
 H - 3 potions of heal wounds {unknown}
 J - 8 potions of curing
 V - 5 potions of ambrosia
Miscellaneous
 e - a box of beasts
 r - a lightning rod (4/4)


   Skills:
 - Level 15.0 Fighting
 - Level 3.3(4.9) Short Blades
 - Level 5.5(6.0) Long Blades
 - Level 8.0 Dodging
 - Level 7.5 Stealth
 - Level 15.0 Shields
 + Level 16.7 Unarmed Combat
 - Level 6.0 Spellcasting
 - Level 5.0 Hexes
 - Level 2.5 Necromancy
 - Level 11.0 Transmutations
 - Level 3.0 Ice Magic
 - Level 11.0 Earth Magic
 - Level 10.0 Evocations


You had 13 spell levels left.
You knew the following spells:

 Your Spells              Type           Power      Damage    Failure   Level
a - Corona                Hex            51%        N/A       1%          1
b - Ensorcelled Hibernat  Hex/Ice        78%        N/A       1%          2
c - Tukima's Dance        Hex            46%        N/A       1%          3
d - Borgnjor's Vile Clut  Necr/Erth      28%        N/A       6%          5
e - Statue Form           Tmut/Erth      49%        N/A       6%          6

Your spell library contained the following spells:

 Spells                   Type           Power      Damage    Failure   Level
 Sting                    Tmut/Pois      100%       1d8       1%          1
 Slow                     Hex            46%        N/A       1%          2
 Confusing Touch          Hex            46%        N/A       1%          3
 Leda's Liquefaction      Hex/Erth       31%        N/A       1%          4
 Lee's Rapid Deconstruct  Erth           37%        3d19*     1%          5
 Ignite Poison            Fire/Tmut/Pois 37%        N/A       2%          3
 Shock                    Conj/Air       40%        1d5       3%          1
 Dazzling Flash           Conj/Hex       56%        N/A       3%          3
 Portal Projectile        Hex/Tloc       56%        N/A       3%          3
 Vampiric Draining        Necr           14%        2d8       3%          3
 Yara's Violent Unravell  Hex/Tmut       31%        3d13      3%          5
 Cause Fear               Hex            23%        N/A       4%          4
 Poisonous Vapours        Pois/Air       20%        N/A       5%          2
 Alistair's Intoxication  Tmut/Pois      33%        N/A       10%         5
 Call Canine Familiar     Summ           10%        N/A       11%         3
 Swiftness                Air            10%        N/A       11%         3
 Fulminant Prism          Conj/Hex       14%        3d9       12%         4
 Bolt of Magma            Conj/Fire/Erth 18%        4d10      22%         5
 Dragon Form              Tmut           37%        N/A       32%         7
 Airstrike                Air            5%         N/A       34%         4
 Iskenderun's Mystic Bla  Conj/Tloc      10%        2d4       34%         4
 Olgreb's Toxic Radiance  Pois           10%        N/A       34%         4
 Passage of Golubria      Tloc           N/A        N/A       34%         4
 Summon Lightning Spire   Summ/Air       10%        N/A       34%         4
 Agony                    Necr           28%        N/A       34%         5
 Eringya's Noxious Bog    Tmut/Pois      25%        N/A       50%         6
 Freezing Cloud           Conj/Ice/Air   9%         6-21      54%         5
 Simulacrum               Ice/Necr       15%        N/A       86%         6
 Storm Form               Tmut/Air       25%        N/A       97%         7
 Conjure Ball Lightning   Conj/Air       5%         3x3d6     99%         6
 Discord                  Hex            23%        N/A       100%        8
 Disjunction              Tloc           5%         N/A       100%        8
 Maxwell's Capacitive Co  Air            5%         ∞         100%        8
 Chain Lightning          Conj/Air       5%         3d6       100%        9
 Dragon's Call            Summ           5%         N/A       100%        9
 Fire Storm               Conj/Fire      5%         8d1       100%        9
 Polar Vortex             Ice            16%        N/A       100%        9


Dungeon Overview and Level Annotations

Branches:
Dungeon (15/15)            Temple (1/1) D:6            Lair (6/6) D:9
  Swamp (3/4) Lair:4        Snake (4/4) Lair:2        Slime (0/5) Lair:5
    Orc (2/2) D:11            Elf (1/3) Orc:2        Vaults (0/5) D:13
 Depths (0/5) D:15          Sewer (visited)           IceCv (visited)

Altars:
Ashenzari
Cheibriados
Dithmenos
Elyvilon
Fedhas
Gozag
Hepliaklqana
Kikubaaqudgha
Makhleb
Nemelex Xobeh
Okawaru
Qazlal
Ru
Sif Muna
Trog
Uskayaw
Vehumet
Wu Jian
Xom
Yredelemnul
Zin
The Shining One
Beogh
Jiyva

Shops:
D:4 [   D:5 *   D:6 *   D:11 [   D:13 (   Orc:1 ?[   Orc:2 [:(*   Lair:1 =*=*
Snake:2 *   Snake:3 [   Snake:4 :[

Annotations:
Lair:6 exclusion: oklob plant


Innate Abilities, Weirdness & Mutations

You are a living statue of rough stone.
Your actions are slow, but your melee attacks are powerful.
You are resistant to unholy torment.
Your maximum health is greatly increased.
You are immune to poison.
You cannot wear most types of armour.
You are amphibious.
You can wear up to eight rings at the same time.
Your skin changes colour to match your surroundings (Stealth+).
((Your rubbery body absorbs attacks. (AC +1, EV +1)))
((You are camouflaged near water. (Stealth+)))
You have tentacles for arms and can constrict up to eight enemies at once.
Your flesh is cold resistant. (rC+)
Your flesh is heat resistant. (rF+)
You are weak. (Str -2)


Message History

Your +9 rapier of Herphugha {spect, +Rage Int+4 SInv} hits the bog body.
The bunyip is distracted by your dazzling golden aura.
The bog body casts a spell at you. The bolt of cold hits you! You resist.
You block the swamp dragon's attack.
The swamp dragon claws you but does no damage.
You block the swamp dragon's attack.
The tyrant leech is engulfed in poison gas.
The tyrant leech looks even sicker.
The tyrant leech bites you!!!
* * * LOW HITPOINT WARNING * * *
The bog body closely misses you.
The bunyip gives a hideous shriek!
Okay, then.
Unknown command.
Okay, then.
Unknown command.
You feel protected.
The bunyip is no longer distracted by gold.
You block the swamp dragon's attack.
The swamp dragon claws you but does no damage.
The swamp dragon misses you. The tyrant leech bites you!!
* * * LOW HITPOINT WARNING * * *
You block the bog body's attack. The swamp dragon misses you.
The swamp dragon closely misses you. The swamp dragon misses you.
Okay, then.
Unknown command.
Okay, then.
Unknown command.
Okay, then.
Unknown command.
Casting: Statue Form (dangerous; 7% risk of failure)
Confirm with . or Enter, or press ? or * to list all spells.
Okay, then.
Unknown command.
Okay, then.
It was a potion of mutation.
You feel extremely strange.
You feel clever.
You feel weaker.
You feel resistant to cold.
You feel resistant to heat. The tyrant leech bites you!
You die...
Your body crumbles into a pile of gold.

..≈ §≈ ##≈## ≈≈ ≈.♣
#.≈≈#≈.≈♣ ≈≈≈. .≈.≈ ≈.$♣
≈≈≈.≈ ≈..#≈.♣♣ ♣
?≈≈§.##.##≈..♣♣ .≈
.≈≈≈≈.$$D○≈..≈♣ ≈..
≈.§≈≈≈$8○°°.≈.≈ ≈≈≈
♣..§≈.w.n○.♣♣.. .. ≈≈≈
.....x.≈≈°°♣ ..≈ ...
.≈....≈≈≈.≈♣ ♣..♣ ♣≈.
♣..≈.≈≈§≈..♣♣♣♣♣≈≈♣ ♣.
.♣♣≈.≈≈≈≈≈.≈♣♣≈..♣ ♣
..............≈.♣♣♣♣♣♣♣
≈≈..≈♣♣♣♣♣♣♣.≈≈§≈.....[.
$ ≈≈/♣♣ ♣♣.≈≈≈≈≈≈...§≈


You could see a bunyip (strong), a swamp dragon (strong), a tyrant leech
(strong, very poisoned) and a bog body.

Levels and vault maps discovered:
D:1:      lightli_arrival_noodles, layout_loops_ring,
          dreamdust_ecumenical_altar_angels_and_demons
D:2:      layout_loops_ring, basic_altar, corexii_item_surrounded_by_moat,
          grunt_decor_one_mirror
D:3:      layout_loops_cross, grunt_temple_overflow_lords_of_destruction,
          uniq_crazy_yiuf_cottage
D:4:      layout_loops_cross, mainiacjoe_overflow_tiny_flanked,
          mainiacjoe_overflow_alcove_2, serial_shops, shop,
          gammafunk_ghost_stat_death, uniq_natasha, uniq_duvessa, uniq_sigmund
D:5:      layout_loops_cross, nicolae_elemental_shop
D:6:      layout_cave_pools, kennysheep_mini_moat, temple_fountains,
          portal_sewer_entry_f, grunt_ministairs_15, nicolae_shop_clearance,
          uniq_menkaure, uniq_maggie
D:7:      layout_loops_ring, mainiacjoe_overflow_alcove_1,
          gammafunk_ghost_arena, minmay_joined_circles
D:8:      layout_gridville, fedhas_bush_and_centaur_altar, ebering_ghost_xom,
          uniq_psyche
D:9:      layout_rooms, mainiacjoe_overflow_big_doors, lair_entry_dummy,
          minmay_stone_trees_medium
D:10:     layout_big_octagon, lemuel_doored_altar,
          beargit_hepliaklqana_dungeon_heroes, uniq_urug, uniq_erica, uniq_sonja
D:11:     layout_basic, erik_orc_3, serial_shops, nicolae_inconvenience_store,
          xom_confusion_cloud
D:12:     layout_long_grid, chequers_arboretum, grunt_ministairs_12,
          nicolae_gozag_cash_rules_everything_around_me
D:13:     layout_rooms, grunt_vaults_entry_tiered, serial_shops,
          nicolae_shop_waterfront
D:14:     layout_roguey, nicolae_qazlal_style_of_elements
D:15:     grunt_enter_depths_giant_problem, layout_rooms, hex_tiny
Temple:   minmay_temple_curvy_loop
Lair:1:   layout_roguey [special_room_bee], uniq_harold
Lair:2:   layout_cellular_growth, guppyfry_snake_entry_island,
          grunt_megastairs_4, lemuel_fruit_fields
Lair:3:   layout_hall_layers, grunt_megastairs_3, uniq_rupert
Lair:4:   layout_big_grid, nicolae_swamp_entry_splash_gauntlet,
          serial_bayou_crossing, uniq_josephine
Lair:5:   layout_loops_ring, slime_altar_1, serial_bayou, serial_bayou_pond_d,
          serial_bayou_lagoon_a, serial_bayou_lake_a, serial_bayou_shore_a,
          serial_bayou_ford_a, serial_bayou_pond_b,
          chequers_serial_rivers_small_3
Lair:6:   due_jungle_book, layout_gridlike, minmay_lair_oklob_bushes
Swamp:1:  layout_basic_swamp, lemuel_altar_in_water, swamp_pool4
Swamp:2:  layout_basic_swamp, hangedman_swamp_pad, infiniplex_staircase_pool_2,
          uniq_kirke, uniq_nikola
Swamp:3:  layout_basic_swamp, hangedman_swamp_blocks, st_swamp_mini, uniq_mara,
          uniq_louise
Snake:1:  nicolae_snake_shooting_gallery, layout_basic, uniq_aizul
Snake:2:  layout_cave_pods, serial_shops, shop, uniq_vashnia
Snake:3:  layout_chambers, serial_shops, nicolae_square_shop,
          portal_ice_cave_entry_horrid_things
Snake:4:  snake_pit_salamanders_mu, layout_misc_corridors, st_stairs_2,
          minmay_shoptagon
Orc:1:    layout_diamond_mine, special_room [special_room_orc], serial_shops,
          nicolae_shop_trees
Orc:2:    grunt_orc_gardens, layout_diamond_mine, grunt_orc_garden,
          grunt_orc_garden, grunt_orc_garden, grunt_orc_garden
Elf:1:    eino_elf_arrival_the_gate, layout_gridlike, minmay_elf_annihilation

Notes
Turn   | Place    | Note
-------+----------+-------------------------------------------
     0 | D:1      | ABBCCCDDDD the Octopode Enchanter began the quest for the
                  | Orb.
     0 | D:1      | Reached XP level 1. HP: 11/11 MP: 3/3
   126 | D:1      | Reached XP level 2. HP: 18/18 MP: 5/5
   161 | D:1      | You fall into a shaft and drop 1 floor!
   316 | D:2      | Found a shimmering altar of Xom.
   431 | D:2      | Reached skill level 1 in Fighting
   433 | D:2      | Reached XP level 3. HP: 23/23 MP: 6/6
   448 | D:2      | Learned a level 2 spell: Ensorcelled Hibernation
  1081 | D:1      | Found a faded altar of an unknown god.
  1116 | D:1      | Reached XP level 4. HP: 23/28 MP: 7/7
  2006 | D:3      | Found a burning altar of Makhleb.
  2007 | D:3      | Found a radiant altar of Vehumet.
  2025 | D:3      | Reached skill level 5 in Stealth
  2025 | D:3      | Reached skill level 1 in Ice Magic
  2311 | D:3      | Found a runed translucent door.
  2312 | D:3      | Noticed Crazy Yiuf
  2354 | D:3      | Reached XP level 5. HP: 33/34 MP: 8/8
  3096 | D:4      | Noticed malygoose's ghost (amateur HuWn)
  3116 | D:4      | Found a transporter.
  3255 | D:4      | Found a bloodstained altar of Trog.
  3304 | D:4      | Noticed Duvessa
  3315 | D:4      | Found Soerauz's Armour Shop.
  3558 | D:4      | You fall into a shaft and drop 2 floors!
  3560 | D:6      | Identified a scroll of acquirement
  3560 | D:6      | Acquired a +2 kite shield of protection
  3580 | D:6      | Reached XP level 6. HP: 16/39 MP: 9/9
  3621 | D:6      | Found a staircase to the Ecumenical Temple.
  3630 | Temple   | Entered the Ecumenical Temple
  4009 | D:6      | Found a glowing drain.
  4037 | Sewer    | Entered a sewer
  4174 | Sewer    | Reached skill level 1 in Shields
  4249 | Sewer    | Found a white marble altar of Elyvilon.
  4322 | D:5      | Entered Level 5 of the Dungeon
  4376 | D:5      | Reached XP level 7. HP: 30/45 MP: 5/10
  4551 | D:5      | Found Basalej's Elemental Accessories.
  4625 | D:6      | Noticed Menkaure
  4684 | D:5      | Learned a level 3 spell: Tukima's Dance
  4778 | D:4      | Noticed Natasha
  4791 | D:4      | Killed Natasha
  4921 | D:4      | Noticed Sigmund
  5525 | D:4      | Killed Sigmund
  5526 | D:4      | Reached skill level 5 in Hexes
  5526 | D:4      | Reached XP level 8. HP: 54/54 MP: 8/11
  5666 | D:4      | Noticed Natasha
  5672 | D:4      | Killed Natasha
  5707 | D:4      | Found a sparkling altar of Nemelex Xobeh.
  5767 | D:4      | Noticed Natasha
  5786 | D:4      | Killed Natasha
  6032 | D:4      | Found a transporter.
  6101 | D:4      | Noticed Dowan
  6111 | D:4      | Killed Duvessa
  6131 | D:4      | Killed Dowan
  6841 | D:6      | Reached skill level 5 in Fighting
  6913 | D:6      | Reached skill level 1 in Evocations
  6941 | D:6      | Killed Menkaure
  7446 | D:6      | Found Pyruymnoif's CLEARANCE SALE! EVERYTHING MUST GO!.
  7770 | D:6      | Identified the +8 scimitar of the Chopping Rat {pain, Str+3
                  | Stlth+}
  7858 | D:6      | Reached skill level 5 in Shields
  7870 | D:6      | Reached XP level 9. HP: 44/60 MP: 6/12
  7958 | D:6      | Noticed Maggie
  8132 | D:6      | Killed Maggie
  8431 | D:6      | Found an opulent altar of Gozag.
  8516 | D:6      | Became a worshipper of Gozag Ym Sagoz the Greedy
  9020 | D:6      | Bought a box of beasts for 200 gold pieces
  9203 | D:7      | Reached skill level 5 in Evocations
  9934 | D:7      | Acquired a +2 buckler of reflection
  9941 | D:7      | Acquired 748 gold pieces
 10662 | D:7      | Noticed DrBigBum's ghost (novice GnWr)
 10663 | D:7      | Found a transporter.
 10689 | D:7      | Reached XP level 10. HP: 44/69 MP: 13/13
 10795 | D:7      | Found a transporter.
 10945 | D:7      | Found a hide-covered altar of Uskayaw.
 11601 | D:8      | Got Lukhleuci's Catalogue of Shape Shifting and Necromancy
 11608 | D:8      | Learned a level 5 spell: Borgnjor's Vile Clutch
 11615 | D:8      | Noticed Psyche
 11752 | D:8      | Found a runed translucent door.
 11752 | D:8      | Found a shimmering altar of Xom.
 11752 | D:8      | Noticed Nanban's ghost (novice OgMo)
 11755 | D:8      | Noticed a +1 falchion of chaos
 12600 | D:8      | Found a blossoming altar of Fedhas.
 12833 | D:9      | Reached skill level 1 in Long Blades
 13001 | D:9      | Found a white marble altar of Elyvilon.
 13013 | D:9      | Found a staircase to the Lair.
 13438 | D:9      | Found a shadowy altar of Dithmenos.
 13567 | D:9      | Reached skill level 10 in Shields
 14149 | D:10     | Entered Level 10 of the Dungeon
 14164 | D:10     | Reached XP level 11. HP: 68/77 MP: 14/14
 14178 | D:10     | Noticed Sonja
 14280 | Lair:1   | Entered Level 1 of the Lair of Beasts
 14294 | Lair:1   | Bought the ring "Enuhaah" {rPois rF+ rN+ Str-3 Int+5} for
                  | 624 gold pieces
 14295 | Lair:1   | Bought a ring of see invisible for 210 gold pieces
 14316 | Lair:1   | Reached skill level 5 in Long Blades
 14716 | Lair:1   | Noticed Harold
 14733 | Lair:1   | Killed Harold
 14743 | Lair:1   | Identified the +0 buckler "Tudeorat" {Rampage rF+++ Will-
                  | Str-2}
 15465 | Lair:2   | Noticed a five-headed hydra
 15530 | Lair:2   | Noticed an eight-headed hydra
 15564 | Lair:2   | Killed an eight-headed hydra
 16271 | Lair:2   | Found a staircase to the Snake Pit.
 16947 | Lair:3   | Reached XP level 12. HP: 82/82 MP: 7/18
 17148 | Lair:3   | Noticed Rupert
 17154 | Lair:3   | Reached skill level 1 in Necromancy
 17154 | Lair:3   | Reached skill level 1 in Earth Magic
 17287 | Lair:3   | Noticed a five-headed hydra
 17287 | Lair:3   | Noticed a seven-headed hydra
 18173 | Lair:4   | Learned a level 6 spell: Statue Form
 18226 | Lair:4   | Noticed a death yak
 18236 | Lair:4   | Noticed a death yak
 18525 | Lair:4   | Noticed a death yak
 18542 | Lair:4   | Reached skill level 1 in Transmutations
 18573 | Lair:4   | Reached skill level 5 in Spellcasting
 19633 | Lair:3   | Reached skill level 5 in Earth Magic
 19729 | Lair:3   | Noticed a boulder beetle
 19769 | Lair:3   | Noticed a death yak
 19772 | Lair:3   | Noticed a death yak
 19772 | Lair:3   | Noticed a death yak
 19772 | Lair:3   | Noticed a death yak
 19773 | Lair:3   | Noticed a death yak
 20088 | D:3      | Killed Crazy Yiuf
 20618 | D:10     | Killed Sonja
 20788 | D:10     | Noticed Urug
 20796 | D:10     | Killed Urug
 20797 | D:10     | Reached skill level 5 in Transmutations
 21219 | D:10     | Found a hazy altar of Hepliaklqana.
 21220 | D:10     | Found a faded altar of an unknown god.
 21292 | D:10     | Reached XP level 13. HP: 47/88 MP: 20/20
 21463 | D:10     | Found a shimmering blue altar of Sif Muna.
 21511 | D:10     | Noticed Erica
 21521 | D:10     | Killed Erica
 22223 | D:11     | Found a staircase to the Orcish Mines.
 22339 | Orc:1    | Entered Level 1 of the Orcish Mines
 22339 | Orc:1    | Found Hameczar's Armour Shoppe.
 22510 | Orc:1    | Noticed an orc warlord
 24614 | D:11     | Found a shimmering altar of Xom.
 26446 | D:11     | Found Nufil's Antique Armour Shop.
 27207 | Orc:2    | Entered Level 2 of the Orcish Mines
 28732 | Orc:2    | Found Qyunis's General Store.
 28739 | Orc:2    | Noticed an orc warlord
 30228 | Lair:4   | Reached skill level 10 in Earth Magic
 30228 | Lair:4   | Reached XP level 14. HP: 82/94 MP: 19/21
 31051 | Lair:2   | Reached skill level 10 in Transmutations
 31364 | Lair:4   | Noticed Josephine
 31592 | Lair:3   | Killed Josephine
 32063 | Lair:5   | Identified the +9 rapier of Herphugha {spect, +Rage Int+4
                  | SInv}
 32117 | Lair:5   | Found a viscous altar of Jiyva.
 32118 | Lair:5   | Found a staircase to the Slime Pits.
 32292 | Lair:5   | Reached skill level 1 in Unarmed Combat
 32734 | Lair:5   | Reached skill level 2 in Unarmed Combat
 33663 | Lair:6   | Entered Level 6 of the Lair of Beasts
 33761 | Lair:6   | Reached skill level 3 in Unarmed Combat
 34060 | Lair:6   | Reached skill level 4 in Unarmed Combat
 34477 | Lair:6   | Reached XP level 15. HP: 71/101 MP: 19/22
 35104 | Lair:6   | Reached skill level 5 in Unarmed Combat
 35674 | Orc:2    | Killed an orc warlord
 35857 | Orc:2    | Bought a wand of acid (9) for 468 gold pieces
 35857 | Orc:2    | Bought a scroll of teleportation for 54 gold pieces
 35866 | Orc:2    | Found Boeppele's Book Emporium.
 35900 | Orc:2    | Found Dozastru's Antique Armour Emporium.
 35991 | Orc:2    | Found a staircase to the Elven Halls.
 36188 | Orc:2    | Found Qirgh's Antique Weapon Emporium.
 36524 | D:12     | Reached skill level 10 in Fighting
 36562 | D:12     | Reached skill level 6 in Unarmed Combat
 37040 | D:12     | Found an opulent altar of Gozag.
 37470 | D:13     | Found Caracuga's Antique Weapon Emporium.
 37999 | D:13     | Reached skill level 7 in Unarmed Combat
 38302 | D:13     | Found a gate to the Vaults.
 38519 | D:14     | Acquired 650 gold pieces
 39118 | D:14     | Found a stormy altar of Qazlal.
 39150 | D:14     | Reached skill level 10 in Evocations
 39292 | D:14     | Reached skill level 8 in Unarmed Combat
 39313 | D:14     | Acquired the +2 hat of the Sun {rElec}
 39439 | D:15     | Entered Level 15 of the Dungeon
 39476 | D:15     | Reached XP level 16. HP: 112/112 MP: 20/23
 40148 | D:15     | Reached skill level 9 in Unarmed Combat
 40487 | D:15     | Found a staircase to the Depths.
 40848 | Elf:1    | Entered Level 1 of the Elven Halls
 41257 | D:4      | Killed malygoose's ghost
 41392 | D:7      | Killed DrBigBum's ghost
 41446 | D:8      | Killed Psyche
 41639 | D:8      | Killed Nanban's ghost
 41683 | Lair:1   | Bought the ring of Dulaiv {Drain rN+++ Str+6 Int+3 SInv}
                  | for 1645 gold pieces
 41743 | Lair:3   | Killed Rupert
 41870 | Lair:3   | Reached skill level 10 in Unarmed Combat
 42212 | Lair:4   | Found a staircase to the Swamp.
 43832 | Lair:6   | Gained mutation: You are dopey. (Int -2) [a neqoxec]
 43988 | Snake:1  | Entered Level 1 of the Snake Pit
 44024 | Snake:1  | Noticed Aizul
 44036 | Snake:1  | Killed Aizul
 44272 | Snake:1  | You are sucked into a shaft and drop 1 floor!
 44272 | Snake:2  | Found Putacu Uffu's General Store.
 44340 | Snake:1  | Reached XP level 17. HP: 121/121 MP: 24/24
 45337 | Snake:2  | Reached skill level 11 in Unarmed Combat
 46585 | Snake:2  | Noticed Vashnia
 46948 | Snake:2  | Killed Vashnia
 46949 | Snake:2  | Reached skill level 15 in Shields
 47644 | Snake:3  | Found a frozen archway.
 47650 | IceCv    | Entered an ice cave
 48533 | IceCv    | Reached skill level 12 in Unarmed Combat
 50494 | Snake:3  | Found Keluyter's Armour Shop.
 50643 | Snake:3  | Reached XP level 18. HP: 131/131 MP: 18/26
 50964 | Snake:4  | Entered Level 4 of the Snake Pit
 50964 | Snake:4  | Found Lexto's Book Shoppe.
 51030 | Snake:4  | Bought a manual of Unarmed Combat for 1040 gold pieces
 51030 | Snake:4  | Found Niheug's Antique Armour Emporium.
 52019 | Snake:4  | Reached skill level 13 in Unarmed Combat
 52577 | Snake:4  | Reached skill level 5 in Dodging
 53707 | Snake:4  | Reached skill level 14 in Unarmed Combat
 53930 | Snake:4  | Got a serpentine rune of Zot
 54222 | Swamp:1  | Entered Level 1 of the Swamp
 54222 | Swamp:1  | Found a sparkling altar of Nemelex Xobeh.
 54256 | Swamp:1  | Noticed a tentacled monstrosity
 54261 | Swamp:1  | Killed a tentacled monstrosity
 54332 | Swamp:1  | You are sucked into a shaft and drop 1 floor!
 54339 | Swamp:2  | Reached skill level 15 in Fighting
 54581 | Swamp:2  | Noticed Nikola
 54591 | Swamp:2  | Killed Nikola
 54592 | Swamp:2  | Reached skill level 15 in Unarmed Combat
 54709 | Swamp:2  | Noticed Kirke
 54716 | Swamp:2  | Killed Kirke
 55046 | Swamp:1  | Reached XP level 19. HP: 131/139 MP: 28/28
 55465 | Swamp:1  | Reached skill level 16 in Unarmed Combat
 55855 | Swamp:3  | Noticed Louise
 55883 | Swamp:3  | Killed Louise
 55976 | Swamp:3  | HP: 3/180 [tyrant leech (33)]
 55977 | Swamp:3  | Lost mutation: You are dopey. (Int -2) [potion of mutation]
 55977 | Swamp:3  | Gained mutation: You are weak. (Str -2) [potion of
                  | mutation]
 55977 | Swamp:3  | Gained mutation: Your flesh is cold resistant. (rC+)
                  | [potion of mutation]
 55977 | Swamp:3  | Gained mutation: Your flesh is heat resistant. (rF+)
                  | [potion of mutation]
 55977 | Swamp:3  | Mangled by a tyrant leech

Table legend: (Time is in decaauts)
 A = Elapsed time spent in this place.
 B = Non-inter-level travel time spent in this place.
 C = Inter-level travel time spent in this place.
 D = Time resting spent in this place.
 E = Time spent auto-exploring this place.
 F = Levels seen in this place.
 G = Mean time per level.
                   A        B        C        D        E       F      G
               +--------+--------+--------+--------+--------+-----+--------+
         Total |  60658 |  56519 |   4139 |  19384 |  24162 |  34 | 1784.1 |
       Dungeon |  26077 |  23679 |   2398 |   8013 |  10097 |  15 | 1738.5 |
        Temple |    339 |    316 |     23 |      0 |    312 |   1 |  339.0 |
          Lair |  15343 |  14255 |   1088 |   5206 |   5664 |   6 | 2557.2 |
         Swamp |   2221 |   2163 |     58 |      0 |   1620 |   3 |  740.3 |
     Snake Pit |  10318 |   9983 |    335 |   3050 |   5026 |   4 | 2579.5 |
  Orcish Mines |   4561 |   4327 |    234 |   2010 |   1266 |   2 | 2280.5 |
   Elven Halls |     52 |     52 |      0 |      0 |     33 |   1 |   52.0 |
         Sewer |    245 |    245 |      0 |     17 |     93 |   1 |  245.0 |
      Ice Cave |   1500 |   1500 |      0 |   1087 |     50 |   1 | 1500.0 |
               +--------+--------+--------+--------+--------+-----+--------+

Top non-repeatable levels by time:
 Snake:4: 3647 daAuts
  Lair:6: 3579 daAuts
  Lair:2: 3378 daAuts
   Orc:1: 2897 daAuts
    D:11: 2707 daAuts
 Snake:3: 2653 daAuts
  Lair:4: 2589 daAuts
     D:6: 2575 daAuts
    D:10: 2494 daAuts
     D:7: 2466 daAuts
  Lair:5: 2379 daAuts
 Snake:2: 2191 daAuts
  Lair:3: 2146 daAuts
     D:4: 1905 daAuts
     D:9: 1846 daAuts

Table legend:
 A = Kills in this place as a percentage of kills in entire the game.
 B = Kills by you in this place as a percentage of kills by you in the entire game.
 C = Kills by friends in this place as a percentage of kills by friends in the entire game.
 D = Other kills in this place as a percentage of other kills in the entire game.
 E = Experience gained in this place as a percentage of experience gained in the entire game.
 F = Experience gained in this place divided by the number of levels of this place that you have seen.
                   A       B       C       D       E      F
               +-------+-------+-------+-------+-------+----------------------
         Total | 100.0 | 100.0 | 100.0 | 100.0 | 100.0 | 9836.1
       Dungeon |  43.6 |  43.2 |  70.6 |  20.0 |  22.2 | 4947.1
          Lair |  22.7 |  23.2 |   0.0 |   0.0 |  24.3 | 13536.0
         Swamp |   5.9 |   5.9 |   0.0 |  20.0 |  12.7 | 14202.0
     Snake Pit |  17.1 |  16.8 |  23.5 |  40.0 |  32.5 | 27133.5
  Orcish Mines |   8.0 |   8.0 |   5.9 |  20.0 |   5.1 | 8445.0
         Sewer |   1.1 |   1.1 |   0.0 |   0.0 |   0.0 | 113.0
      Ice Cave |   1.7 |   1.7 |   0.0 |   0.0 |   3.2 | 10860.0
               +-------+-------+-------+-------+-------+----------------------

Action                   |  1- 3 |  4- 6 |  7- 9 | 10-12 | 13-15 | 16-18 | 19-21 || total
-------------------------+-------+-------+-------+-------+-------+-------+-------++-------
Melee: Dagger            |    58 |   158 |       |   272 |   436 |       |       ||   924
       Tentacles         |    11 |    32 |    61 |   131 |   331 |   286 |    22 ||   874
       Constrict         |     7 |    44 |    50 |    57 |   154 |   106 |    10 ||   428
       Short sword       |       |    19 |   375 |   164 |       |       |       ||   558
       Unarmed           |       |       |     9 |       |       |       |       ||     9
       Falchion          |       |       |       |    45 |       |       |       ||    45
       Scimitar          |       |       |       |       |   308 |       |       ||   308
       Rapier            |       |       |       |       |   394 |   984 |    89 ||  1467
       Punch             |       |       |       |       |    26 |   130 |    13 ||   169
Throw: Dart              |       |       |     1 |     9 |    28 |     2 |       ||    40
 Cast: Ensorcelled Hiber |     1 |     7 |    41 |   163 |   122 |       |       ||   334
       Corona            |       |     2 |     6 |     3 |     1 |       |       ||    12
       Tukima's Dance    |       |       |    27 |    16 |    10 |       |       ||    53
       Statue Form       |       |       |       |       |    73 |   107 |     9 ||   189
Invok: Call Merchant     |       |       |       |     2 |     2 |     1 |       ||     5
 Abil: End Transformatio |       |       |       |       |     3 |     1 |       ||     4
Evoke: Wand              |       |       |     4 |    17 |    18 |     3 |       ||    42
       Box of beasts     |       |       |     1 |     2 |       |     3 |       ||     6
  Use: Scroll            |       |     1 |     6 |     5 |    11 |    14 |     2 ||    39
       Potion            |       |       |     5 |     1 |       |     2 |     2 ||    10
 Stab: Sleeping          |    22 |    16 |    33 |    94 |    70 |    12 |     1 ||   248
       Confused          |       |       |     1 |       |       |       |       ||     1
       Distracted        |       |       |       |     4 |    16 |    35 |     6 ||    61
       Paralysed         |       |       |       |     1 |       |       |       ||     1
       Petrified         |       |       |       |       |     3 |       |       ||     3
Armor: Skin              |     3 |    12 |    96 |   121 |   539 |   586 |    95 ||  1452
Dodge: Dodged            |    30 |    76 |   158 |   156 |   472 |   523 |   100 ||  1515
Block: Kite shield       |       |     4 |    33 |   278 |  1269 |  1291 |   127 ||  3002
       Buckler           |       |       |    27 |    54 |       |       |       ||    81
       Reflection        |       |       |       |     8 |    15 |   150 |     1 ||   174
       Rpst.: Falchion   |       |       |       |     4 |       |       |       ||     4
       Scimitar          |       |       |       |       |    44 |       |       ||    44

Vanquished Creatures
  Vashnia (Snake:2)
  Nikola (Swamp:2)
  Rupert (Lair:3)
  A tentacled monstrosity (Swamp:1)
  Kirke (Swamp:2)
  3 nagarajas (Snake:4)
  A fenstrider witch (Swamp:2)
  A fire giant (D:15)
  An azure jelly (Snake:3)
  Aizul (Snake:1)
  Louise (Swamp:3)
  An orc warlord (Orc:2)
  3 dire elephants (Lair:6)
  A white draconian (IceCv)
  2 bunyips
  4 eleionomae
  Josephine (Lair:3)
  2 salamander tyrants (Snake:4)
  Harold (Lair:1)
  2 vault guards (D:13)
  3 ice dragons
  2 boulder beetles
  7 naga warriors
  18 hydras
  4 ironbound frosthearts (IceCv)
  6 alligators
  Erica (D:10)
  2 catoblepae
  15 anacondas
  2 ghost crabs
  15 death yaks
  4 centaur warriors
  3 orc high priests
  Urug (D:10)
  The ghost of Nanban the Fighter, a novice OgMo of the Shining One (D:8)
  17 naga sharpshooters
  4 tengu warriors
  4 shock serpents
  Sonja (D:10)
  The ghost of DrBigBum the Grasshopper, a novice GnWr (D:7)
  A spectral anaconda (Lair:6)
  2 spectral death yaks (Lair:6)
  5 salamander mystics (Snake:4)
  3 sea snakes (Snake:1)
  5 naga ritualists
  3 swamp dragons
  3 spriggan druids
  An obsidian statue (Lair:6)
  6 bog bodies
  7 lindwurms (Snake:4)
  13 mana vipers
  4 wizards (D:13)
  2 deep elf zephyrmancers (Orc:2)
  7 orc knights
  2 deep elf pyromancers
  4 necromancers
  An oklob plant (Lair:5)
  4 orc sorcerers
  24 ugly things
  4 cyclopes
  3 manticores
  A will-o-the-wisp (Swamp:2)
  31 black mambas
  10 elephants
  12 salamanders
  5 guardian serpents
  12 naga magi
  3 torpor snails
  Psyche (D:8)
  A dire elephant zombie (Lair:6)
  2 unseen horrors (D:12)
  11 cane toads
  A dire elephant skeleton (Lair:6)
  2 gargoyles
  6 komodo dragons
  An efreet (D:14)
  A yaktaur (D:14)
  A freezing wraith (Snake:3)
  Maggie (D:6)
  A kobold demonologist (D:14)
  6 rime drakes
  4 tengu conjurers
  The ghost of malygoose the Skirmisher, an amateur HuWn (D:4)
  A queen bee (Lair:1)
  5 trolls
  5 polar bears
  A tyrant leech (Swamp:1)
  2 hornets
  7 blink frogs
  A meliai zombie (D:10)
  4 slime creatures (D:15)
  7 dream sheep (Lair:6)
  A centaur simulacrum (D:14)
  3 spriggans (Swamp:1)
  Sigmund (D:4)
  A wyvern (Lair:2)
  A shadow (D:13)
  A human (shapeshifter) (D:15)
  9 wraiths
  84 yaks
  A basilisk (Lair:1)
  2 vampires
  A dire elephant simulacrum (Lair:6)
  4 steam dragons
  18 humans (D:13)
  8 wargs
  2 death yak simulacra (Lair:6)
  4 vampire mosquitoes (Swamp:2)
  Menkaure (D:6)
  A spectral cane toad (Lair:6)
  14 swamp worms
  28 nagas
  An acid dragon (D:13)
  18 water moccasins
  2 swamp drakes (Swamp:1)
  Duvessa (D:4)
  34 orc warriors
  A black bear (Lair:1)
  A necrophage (D:3)
  3 sky beasts
  6 ogres
  8 wolves
  2 elephant zombies (Lair:6)
  11 centaurs
  2 kobold brigands
  13 bullfrogs
  A gnoll sergeant (D:10)
  A wyvern zombie (D:7)
  3 scorpions
  Dowan (D:4)
  2 cane toad simulacra (Lair:6)
  2 water moccasin zombies
  A water moccasin skeleton (D:4)
  30 killer bees
  16 wights
  7 electric eels
  A crimson imp (D:3)
  5 howler monkeys
  2 jellies (D:7)
  A bullfrog zombie (D:7)
  4 quasits (D:4)
  7 centaur zombies
  A hound (D:5)
  16 orc priests
  Crazy Yiuf (D:3)
  A centaur skeleton (D:7)
  A gnoll shaman (D:5)
  2 iguanas
  21 orc wizards
  Natasha (thrice) (D:4)
  2 hound skeletons
  A howler monkey skeleton (D:6)
  A howler monkey zombie (D:11)
  5 gnolls
  6 adders
  3 shadow imps
  A white imp (D:6)
  An ufetubus (D:5)
  A worm (D:4)
  7 dart slugs
  50 orcs
  9 bats
  8 endoplasms
  6 giant cockroaches
  11 goblins
  3 hobgoblins
  15 jackals
  17 kobolds
  6 quokkas
  9 ball pythons
  4 frilled lizards
  10 rats
  2 butterflies (Lair:2)
988 creatures vanquished.

Vanquished Creatures (collateral kills)
  2 naga sharpshooters (Snake:2)
  A lindwurm (Snake:4)
  A guardian serpent (Snake:4)
  A steam dragon (D:7)
  An orc warrior (D:6)
  An ogre (D:7)
  8 wights
  2 orcs
17 creatures vanquished.

Vanquished Creatures (others)
  A naga sharpshooter (Snake:3)
  An ugly thing (D:11)
  A salamander (Snake:4)
  A bloated husk (Swamp:1)
  2 trolls (D:11)
  A tyrant leech (Swamp:1)
  11 dancing weapons
  2 orc wizards (D:11)
  7 bushes
  69 fungi
  123 plants
  23 withered plants (Lair:6)
242 creatures vanquished.

Grand Total: 1247 creatures vanquished
